 Dungeon Crawl Stone Soup version 0.30-a0-847-g17996783a1 (webtiles) character file.

Game seed: 14097607208621363430

9 holysushi the Cutter (level 2, 24/24 HPs)
             Began as a Demonspawn Monk on Mar 4, 2023.
             Quit the game on level 1 of the Dungeon.
             The game lasted 00:00:23 (141 turns).

holysushi the Cutter (Demonspawn Monk)               Turns: 141, Time: 00:00:23

Health: 24/24      AC:  4    Str: 11    XL:     2   Next: 3%
Magic:  2/2        EV: 12    Int: 11    God:
Gold:   0          SH:  0    Dex: 15    Spells: 1/1 levels left

rFire   . . .      SeeInvis .    a - +0 short sword
rCold   . . .      Faith    .    (no shield)
rNeg    . . .      Spirit   .    b - +0 robe
rPois   .          Reflect  .    (no helmet)
rElec   .          Rampage  .    (no cloak)
rCorr   .                        (no gloves)
Will    .....                    (no boots)
Stlth   ++                       (no amulet)
HPRegen 0.24/turn                (no ring)
MPRegen 0.08/turn                (no ring)

@: no status effects
A: slimy green scales 1
a: no special abilities


You were on level 1 of the Dungeon.
You visited 1 branch of the dungeon, and saw 1 of its levels.

Inventory:

Hand Weapons
 a - a +0 short sword (weapon)
Armour
 b - a +0 robe (worn)
Scrolls
 d - a scroll of blinking {unknown}
Potions
 c - a potion of ambrosia


   Skills:
 - Level 3.0 Fighting
 + Level 3.2 Short Blades
 - Level 2.6 Dodging
 - Level 1.7 Stealth


You had one spell level left.
You didn't know any spells.
Your spell library was empty.

Dungeon Overview and Level Annotations

Branches:
Dungeon (1/15) Zot: 5864

Altars:


Innate Abilities, Weirdness & Mutations

You are partially covered in slimy green scales. (AC +2)


Message History

You barely miss the bat. The bat hits you but does no damage. The bat hits you.
The bat attacks as you move away! The bat barely misses you.
A kobold comes into view. It is wielding a +0 club.
The kobold shouts!
The bat closely misses you.
The kobold throws a stone.
The stone hits you. The bat barely misses you. The bat hits you.
The kobold throws a stone.
The stone barely misses you.
The kobold throws a stone.
The stone hits you. The bat completely misses you.
You completely miss the bat. The bat closely misses you.
The kobold throws a stone.
The stone closely misses you. The bat barely misses you.
You hit the bat.
You kill the bat!
The kobold hits you but does no damage.
You barely miss the kobold. The kobold barely misses you.
You barely miss the kobold. The kobold misses you.
You hit the kobold but do no damage. The kobold barely misses you.
You completely miss the kobold. You barely miss the kobold.
The kobold hits you with a +0 club.
You barely miss the kobold. The kobold barely misses you.
You closely miss the kobold. The kobold misses you.
You barely miss the kobold. The kobold closely misses you.
You barely miss the kobold. The kobold misses you.
You hit the kobold but do no damage. The kobold barely misses you.
You closely miss the kobold. You hit the kobold.
The kobold is heavily wounded.
The kobold barely misses you.
You hit the kobold.
You kill the kobold!
You have reached level 2!
Your demonic ancestry asserts itself...
Slimy green scales grow over part of your body.
You start resting.
HP restored.
Things that are here:
a +0 club; 5 stones
Okay, then.
Are you sure you want to abandon this character and quit the game? (Confirm with "yes".)

#......#..#.†..#
####.....)#....#
######.##.##....##
#......##........#
##≈≈#'.#######...#
.#....#)# #†..#
.≈....≈.# #...#
.≈.⌠<.≈.# #...#
.≈....≈.# ##@##
.#....#.# #.#
###≈≈#### ...
#.... .#### .≈§...
.. §≈§[... ##
.≈.....


There were no monsters in sight!

Vanquished Creatures
  An endoplasm (D:1)
  A goblin (D:1)
  A hobgoblin (D:1)
  A ball python (D:1)
  2 bats (D:1)
  2 kobolds (D:1)
8 creatures vanquished.

Notes
Turn   | Place    | Note
-------+----------+-------------------------------------------
     0 | D:1      | holysushi the Demonspawn Monk began the quest for the Orb.
     0 | D:1      | Reached XP level 1. HP: 18/18 MP: 1/1
   123 | D:1      | Gained mutation: You are partially covered in slimy green
                  | scales. (AC +2) [demonic ancestry]
   123 | D:1      | Reached XP level 2. HP: 20/24 MP: 2/2
   141 | D:1      | Quit the game

Illustrated notes

Levels and vault maps discovered:
D:1:      dpeg_arrival_rooms_with_view, layout_basic, serial_bayou_pond_b,
          minmay_pentomino_x2

Skill      XL: |  1 |
---------------+----+-----
Short Blades   | 3 |  3.2
Fighting       | |  3.0
Dodging        | |  2.6
Stealth        | |  1.7

Action                     || total
---------------------------++-------
  Melee: Short sword       ||    36
         Punch             ||     1
 Armour: Robe              ||     4
  Dodge: Dodged            ||    25

Table legend: (Time is in decaauts)
 A = Elapsed time spent in this place.
 B = Non-inter-level travel time spent in this place.
 C = Inter-level travel time spent in this place.
 D = Time resting spent in this place.
 E = Time spent auto-exploring this place.
 F = Levels seen in this place.
 G = Mean time per level.
                   A        B        C        D        E       F      G
               +--------+--------+--------+--------+--------+-----+--------+
         Total |    135 |    135 |      0 |     59 |      2 |   1 |  135.0 |
       Dungeon |    135 |    135 |      0 |     59 |      2 |   1 |  135.0 |
               +--------+--------+--------+--------+--------+-----+--------+

Top non-repeatable levels by time:
     D:1: 135 daAuts
